 Dungeon Crawl Stone Soup version 0.20-a0-223-g066d66b (webtiles) character file.

2397 FitzyFitz the Destroyer (level 9, -1/57 HPs)
             Began as a Human Air Elementalist on Nov 29, 2016.
             Was a Follower of Vehumet.
             Killed by their own static electricity (3 damage)
             ... on level 6 of the Dungeon.
             The game lasted 00:31:33 (8834 turns).

FitzyFitz the Destroyer (Human Air Elementalist)    Turns: 8834, Time: 00:31:34

Health: -1/57      AC:  3    Str:  9    XL:     9   Next: 74%
Magic:  20/32      EV: 12    Int: 19    God:    Vehumet [*.....]
Gold:   336        SH:  2    Dex: 13    Spells: 7/18 levels left

rFire  . . .     SeeInvis .     e - staff of power
rCold  . . .     Gourm    .     a - +0 robe
rNeg   . . .     Faith    .     (no shield)
rPois  .         Spirit   .     p - +0 helmet
rElec  .         Reflect  +     (no cloak)
rCorr  .         Harm     .     (no gloves)
MR     .....                    (no boots)
Stlth  ++........               y - +2 amulet of reflection
                                (no ring)
                                (no ring)

@: repel missiles
A: no striking features
a: Renounce Religion


You were on level 6 of the Dungeon.
You worshipped Vehumet.
Vehumet was aware of your devotion.
You were not hungry.

You visited 2 branches of the dungeon, and saw 7 of its levels.

You collected 336 gold pieces.

Inventory:

Hand Weapons
 f - a +0 shortbow
 g - a +0 hunting sling
 q - a +0 trident
 r - a +1 mace of crushing
 A - the cursed +1 flail "Wyciunut" {flame, Str+3, unknown}
   (You found it on level 5 of the Dungeon)

   It has been specially enchanted to burn those struck by it, causing extra
   injury to most foes and up to half again as much damage against particularly
   susceptible opponents.
   It affects your strength (+3).
   It has a curse placed upon it.
Missiles
 i - 195 stones
 u - 37 sling bullets
 v - 3 tomahawks (quivered)
Armour
 a - a +0 robe (worn)
 p - a +0 helmet (worn)
Magical Staves
 e - an uncursed staff of power (weapon)
Jewellery
 y - a +2 amulet of reflection (around neck)
 B - the ring "Rolir" {rCorr rPois rN+++ Str+4 Int-5}
   (You found it on level 5 of the Dungeon)

   [ring of resist corrosion]

   It affects your strength (+4).
   It affects your intelligence (-5).
   It protects you from poison.
   It renders you almost immune to negative energy.
 F - an uncursed amulet of rage {unknown}
Wands
 s - a wand of confusion (3/48)
Scrolls
 d - 2 scrolls of teleportation {unknown}
 j - 3 scrolls of remove curse
 m - a scroll of immolation {unknown}
 n - a scroll of random uselessness {unknown}
 t - 2 scrolls of magic mapping {unknown}
 z - 2 scrolls of enchant armour {unknown}
 E - a scroll of amnesia {unknown}
Potions
 k - 2 potions of curing
 l - a potion of brilliance
 w - 2 potions of resistance
 C - 3 potions of cancellation {unknown}
 G - 2 potions of lignification {unknown}
 H - a potion of flight {unknown}
Books
 b - a book of Air

   Spells                             Type                      Level
   a - Shock                          Conjuration/Air              1
   b - Swiftness                      Charms/Air                   2
   c - Repel Missiles                 Charms/Air                   2
   d - Static Discharge               Conjuration/Air              3
   e - Lightning Bolt                 Conjuration/Air              5
 D - a book of Flames

   Spells                             Type                      Level
   a - Flame Tongue                   Conjuration/Fire             1
   b - Throw Flame                    Conjuration/Fire             2
   c - Conjure Flame                  Conjuration/Fire             3
   d - Inner Flame                    Hexes/Fire                   3
   e - Sticky Flame                   Conjuration/Fire             4
   f - Fireball                       Conjuration/Fire             5
Comestibles
 c - 5 bread rations
 o - a meat ration
 x - 2 fruits


   Skills:
 - Level 2.0 Dodging
 - Level 2.0 Stealth
 + Level 5.3 Spellcasting
 + Level 8.4 Conjurations
 - Level 1.7 Charms
 - Level 1.7 Fire Magic
 - Level 7.4 Air Magic


You had 7 spell levels left.
You knew the following spells:

 Your Spells              Type           Power        Failure   Level  Hunger
a - Shock                 Conj/Air       ####         1%          1    None
b - Static Discharge      Conj/Air       #####...     1%          3    ##.....
c - Repel Missiles        Chrm/Air       ###...       3%          2    None
d - Swiftness             Chrm/Air       ###.....     3%          2    None
e - Conjure Flame         Conj/Fire      ###.....     6%          3    ##.....


Dungeon Overview and Level Annotations

Branches:
Dungeon (6/15)             Temple (1/1) D:6

Altars:
Ashenzari
Cheibriados
Dithmenos
Fedhas
Gozag
Hepliaklqana
Kikubaaqudgha
Makhleb
Nemelex Xobeh
Okawaru
Qazlal
Ru
Sif Muna
Trog
Uskayaw
Vehumet
Xom
Yredelemnul
Zin
The Shining One
Lugonu


Message History

* * * LOW HITPOINT WARNING * * *
Okay, then.
Unknown command.
Unknown command.
Casting: Static Discharge
Confirm with . or Enter, or press ? or * to list all spells.
The manticore is struck by lightning.
The manticore is severely wounded.
The lightning arcs!
You are struck by lightning.
* * * LOW HITPOINT WARNING * * *
The lightning grounds out.
The manticore barely misses you. The manticore claws you!
* * * LOW HITPOINT WARNING * * *
The manticore closely misses you.
Casting: Static Discharge
Confirm with . or Enter, or press ? or * to list all spells.
The manticore is struck by lightning.
The manticore is almost dead.
The lightning arcs!
You are struck by lightning.
You die...

#.# #.#
#.# #.#
###)###
#.#
#.....#
#.#
##.....#
#.#
#......#
#.######
#......#
#.......
#......#
########
#@######
#H#
#######
..#
.......
...#
#######
.≈...
#.._..
#.≈...
#...!.#


You could see a manticore.

Vanquished Creatures
  Prince Ribbit (D:6)
  Grinder (D:6)
  A hippogriff (D:6)
  Sigmund (D:6)
  3 ogres
  4 centaurs
  2 phantoms (D:6)
  2 bullfrogs
  A scorpion (D:4)
  3 wights (D:6)
  2 howler monkeys (D:4)
  3 crimson imps
  A jelly (D:4)
  A hound (D:5)
  An orc wizard (D:6)
  A bullfrog skeleton (D:5)
  Terence (D:2)
  2 worker ants
  A hound zombie (D:6)
  A hound skeleton (D:5)
  Robin (D:2)
  6 gnolls
  A howler monkey skeleton (D:4)
  5 adders
  An ooze (D:1)
  An adder skeleton (D:5)
  4 worms
  3 dart slugs
  3 leopard geckos
  5 orcs
  A bat zombie (D:4)
  4 giant cockroaches
  15 goblins
  10 hobgoblins
  10 jackals
  6 quokkas
  A ball python (D:4)
  12 bats
  5 frilled lizards
  5 kobolds
  A quokka skeleton (D:5)
  A quokka zombie (D:6)
  11 rats
  4 rat zombies (D:4)
  A spectral orc (D:4)
150 creatures vanquished.

Notes
Turn   | Place    | Note
-------+----------+-------------------------------------------
     0 | D:1      | FitzyFitz the Human Air Elementalist began the quest for the Orb.
     0 | D:1      | Reached XP level 1. HP: 13/13 MP: 3/3
   374 | D:1      | Reached XP level 2. HP: 19/19 MP: 1/5
   842 | D:1      | Reached XP level 3. HP: 12/24 MP: 3/6
  1075 | D:1      | Reached skill level 2 in Conjurations
  1792 | D:1      | Learned a level 3 spell: Static Discharge
  1835 | D:2      | Noticed Robin
  1908 | D:2      | Reached XP level 4. HP: 29/30 MP: 3/7
  2008 | D:2      | Found a sparkling altar of Nemelex Xobeh.
  2021 | D:2      | Found a hazy altar of Hepliaklqana.
  2026 | D:2      | Found a stormy altar of Qazlal.
  2125 | D:2      | Killed Robin
  2300 | D:2      | Found a glowing golden altar of the Shining One.
  2338 | D:2      | Reached skill level 3 in Conjurations
  2340 | D:2      | Reached XP level 5. HP: 35/35 MP: 2/8
  2422 | D:2      | Noticed Terence
  2430 | D:2      | Killed Terence
  2927 | D:2      | Learned a level 2 spell: Repel Missiles
  2930 | D:2      | Learned a level 2 spell: Swiftness
  2946 | D:3      | Found a bloodstained altar of Trog.
  3810 | D:3      | Reached XP level 6. HP: 40/41 MP: 4/9
  4409 | D:4      | Found a basalt altar of Yredelemnul.
  4412 | D:4      | Reached skill level 5 in Air Magic
  4469 | D:4      | Reached skill level 4 in Conjurations
  4688 | D:4      | Noticed an ogre
  4694 | D:4      | Killed an ogre
  4694 | D:4      | Reached XP level 7. HP: 23/46 MP: 2/10
  4978 | D:4      | Found a shimmering altar of Xom.
  4986 | D:4      | You fall through a shaft for 2 floors!
  5013 | D:6      | Found a staircase to the Ecumenical Temple.
  5022 | Temple   | Entered the Ecumenical Temple
  5122 | Temple   | Became a worshipper of Vehumet
  5160 | D:6      | Reached skill level 5 in Conjurations
  5933 | D:5      | Entered Level 5 of the Dungeon
  5954 | D:5      | Reached XP level 8. HP: 46/52 MP: 11/11
  6180 | D:4      | Reached skill level 6 in Conjurations
  6486 | D:4      | Found an ancient bone altar of Kikubaaqudgha.
  6876 | D:5      | Got a blackened flail
  6944 | D:5      | Got a fine platinum ring
  7010 | D:5      | Reached * piety under Vehumet
  7010 | D:5      | Offered knowledge of Magic Dart by Vehumet.
  7096 | D:5      | Learned a level 3 spell: Conjure Flame
  7277 | D:5      | Reached skill level 1 in Charms
  7393 | D:5      | Identified the ring "Rolir" {rCorr rPois rN+++ Str+4 Int-5} (You found it on level 5 of the Dungeon)
  7519 | D:6      | Noticed Grinder
  7698 | D:6      | Killed Grinder
  7698 | D:6      | Reached skill level 7 in Conjurations
  7698 | D:6      | Reached skill level 1 in Fire Magic
  7698 | D:6      | Reached XP level 9. HP: 43/57 MP: 13/13
  7870 | D:6      | Found a sacrificial altar of Ru.
  7925 | D:6      | Noticed Prince Ribbit
  7944 | D:6      | Killed Prince Ribbit
  8053 | D:6      | Noticed a hippogriff
  8054 | D:6      | Found a snail-covered altar of Cheibriados.
  8068 | D:6      | Killed a hippogriff
  8159 | D:6      | Noticed Sigmund
  8164 | D:6      | Killed Sigmund
  8164 | D:6      | Reached skill level 5 in Spellcasting
  8164 | D:6      | Reached skill level 8 in Conjurations
  8823 | D:6      | Found a hazy altar of Hepliaklqana.
  8825 | D:6      | Noticed a manticore
  8833 | D:6      | HP: 2/57 [manticore (10)]
  8834 | D:6      | Killed from afar by themself

Vault maps used:
D:1:      minmay_arrival_checkered_box
D:2:      tso_oasis_becter, minmay_overflow_temple_star_quad, eino_tiny_chamber,
          minmay_misc_feat_more_columns, uniq_terence, uniq_robin
D:3:      bloody_trog
D:4:      yredelemnul_forgotten_temple_becter, xom_teletrap_fun,
          lemuel_zombie_altar_kikubaaqudgha, first_bread, minmay_misc_feat_tiny,
          grunt_ministairs_2
D:6:      old_standard_altar, hangedman_feature_mirror, uniq_grinder,
          uniq_prince_ribbit1, uniq_sigmund
Temple:   kb_corrupted_temple

Skill      XL: |  1  2  3  4  5  6  7  8  9 |
---------------+----------------------------+-----
Conjurations   | 2 3 4 5 7 8 |  8.4
Air Magic      | 4 5 6 7 |  7.4
Charms         | 1 |  1.7
Spellcasting   | 3 5 |  5.3
Fire Magic     | 1 |  1.7
Dodging        | |  2.0
Stealth        | |  2.0

Action                   |  1- 3 |  4- 6 |  7- 9 || total
-------------------------+-------+-------+-------++-------
Melee: Unarmed           |    20 |       |       ||    20
       Hand axe          |    67 |     9 |       ||    76
       Short sword       |     3 |       |       ||     3
       Trident           |       |   138 |    56 ||   194
       Mace              |       |     7 |     1 ||     8
       Staff             |       |     1 |    16 ||    17
 Cast: Shock             |    28 |    39 |   124 ||   191
       Static Discharge  |       |     9 |    38 ||    47
       Repel Missiles    |       |     1 |     1 ||     2
       Swiftness         |       |       |     1 ||     1
       Conjure Flame     |       |       |     5 ||     5
  Use: Scroll            |       |     3 |     4 ||     7
       Potion            |       |     2 |       ||     2
 Stab: Sleeping          |     2 |     4 |       ||     6
  Eat: Chunk             |     4 |     9 |     8 ||    21
       Bread ration      |       |       |     1 ||     1
       Fruit             |       |       |     1 ||     1
       Pizza             |       |       |     1 ||     1
       Meat ration       |       |       |     1 ||     1
Armor: Robe              |    22 |    35 |    19 ||    76
Dodge: Dodged            |    84 |    88 |    91 ||   263
       Deflected         |       |       |     1 ||     1
Block: Other             |       |       |     6 ||     6
       Reflection        |       |       |     2 ||     2
